 Dungeon Sprint DCSS version 0.30-a0-458-g86641cc369 (webtiles) character file.

Game seed: 17620996058675431597

181 BigDaddyOpFi the Chopper (level 5, -1/49 (52) HPs)
             Began as a Hill Orc Fighter on Dec 14, 2022.
             Was a Follower of Fedhas.
             Slain by a wight
             ... wielding a +3 flail
              (6 damage)
             ... in the Dungeon (Sprint VII: "The Pits").
             The game lasted 00:00:35 (131 turns).

BigDaddyOpFi the Chopper (Hill Orc Fighter)          Turns: 131, Time: 00:00:35

HP:   -1/49 (52)    AC:  7    Str: 21    XL:     5   Next: 61%
MP:   5/5           EV:  9    Int:  8    God:    Fedhas [*.....]
Gold: 0             SH:  5    Dex: 10    Spells: 4/4 levels left

rFire   . . .      SeeInvis .    a - +0 war axe
rCold   . . .      Faith    .    c - +0 buckler
rNeg    . . .      Spirit   .    b - +0 scale mail
rPois   .          Reflect  .    (no helmet)
rElec   .          Harm     .    (no cloak)
rCorr   .          Rampage  .    (no gloves)
Will    .....      NoTele   +    (no boots)
Stlth   ..........               (no amulet)
HPRegen 0.28/turn                (no ring)
MPRegen 0.09/turn                (no ring)

@: drained
A: no striking features
a: Renounce Religion


You were in the Dungeon.
You worshipped Fedhas.
Fedhas was aware of your devotion.
You visited 1 branch

Inventory:

Hand Weapons
 a - a +0 war axe (weapon)
Armour
 b - a +0 scale mail (worn)
 c - a +0 buckler (worn)
Scrolls
 j - a scroll of blinking
 l - 5 scrolls of amnesia
 m - a scroll of butterflies
Potions
 d - a potion of might
 e - a potion of curing
 f - a potion of heal wounds
 g - a potion of haste
 h - 4 potions of magic
 i - 3 potions of berserk rage
 k - 2 potions of invisibility


   Skills:
 + Level 7.5 Fighting
 + Level 7.6 Axes
 + Level 6.8 Armour
 + Level 6.8 Shields


You had 4 spell levels left.
You didn't know any spells.
Your spell library was empty.

Dungeon Overview and Level Annotations

Branches:
Dungeon (1/1)

Altars:
Ashenzari
Cheibriados
Dithmenos
Elyvilon
Fedhas
Gozag
Hepliaklqana
Kikubaaqudgha
Makhleb
Nemelex Xobeh
Okawaru
Qazlal
Ru
Sif Muna
Trog
Uskayaw
Vehumet
Wu Jian
Xom
Yredelemnul
Zin
The Shining One
Beogh
Jiyva
Lugonu


Message History

Your life force feels restored.
Your Fighting skill increases to level 7!
Your Axes skill increases to level 7!
You barely miss the jackal. You barely miss the wight. You hit the adder.
You kill the adder!
Fedhas appreciates your contribution to the ecosystem.
The jackal completely misses you. The wight hits you with a +3 flail.
You feel drained. You block the jackal's attack.
Your life force feels restored.
You hit the jackal.
The jackal is almost dead.
You hit the jackal.
You kill the jackal!
Fedhas appreciates your contribution to the ecosystem.
You barely miss the wight. The jackal barely misses you.
The wight hits you with a +3 flail.
You feel drained.
A wight comes into view. It is wielding a +0 battleaxe.
You barely miss the jackal.
The jackal is almost dead.
You slash the wight! You closely miss the wight.
The jackal bites you but does no damage.
You block the wight's attack. The wight hits you with a +3 flail!
The jackal barely misses you.
You hit the jackal.
You kill the jackal!
Fedhas appreciates your contribution to the ecosystem.
You hit the wight. You hit the wight but do no damage.
You block the wight's attack.
Your life force feels restored.
You slash the wight!
The wight is almost destroyed.
You closely miss the wight. You hit the wight but do no damage.
The wight hits you with a +7 mace.
You feel drained. The wight hits you with a +0 battleaxe!
* * * LOW HITPOINT WARNING * * *
You feel drained.
* * * LOW HITPOINT WARNING * * *
The wight hits you with a +3 flail.
You die...
Fedhas appreciates your contribution to the ecosystem.

##########.##........
#..........)'........
#+#####'#####......#.
#..#.†# #........
#..†..# ####'####
#..#### #.......#
#..# #.......# #..#
#.......# ##@#
#...<...#
#zzz.....##.......#
#........##.......#
###########.......#
#########


You could see 3 wights.

Vanquished Creatures
  A floating eye (D)
  A wight (D)
  2 adders (D)
  An orc (D)
  A bat (D)
  A bat skeleton (D)
  2 jackals (D)
  A quokka (D)
  A ball python skeleton (D)
11 creatures vanquished.

Notes
Turn   | Place    | Note
-------+----------+-------------------------------------------
     0 | D        | BigDaddyOpFi the Hill Orc Fighter began the quest for the
                  | Orb.
     0 | D        | Reached XP level 1. HP: 19/19 MP: 1/1
    45 | D        | Reached XP level 2. HP: 28/28 MP: 2/2
    45 | D        | Noticed a floating eye
    48 | D        | Paralysed by a floating eye for 3 turns
    53 | D        | Paralysed by a floating eye for 4 turns
    57 | D        | Killed a floating eye
    58 | D        | Reached XP level 3. HP: 38/38 MP: 3/3
    58 | D        | Reached XP level 4. HP: 45/45 MP: 4/4
    58 | D        | Reached XP level 5. HP: 51/51 MP: 5/5
    71 | D        | Found a bloodstained altar of Trog.
    71 | D        | Found a shimmering blue altar of Sif Muna.
    71 | D        | Found a viscous altar of Jiyva.
    71 | D        | Found a hazy altar of Hepliaklqana.
    71 | D        | Found an opulent altar of Gozag.
    72 | D        | Found a glowing golden altar of the Shining One.
    72 | D        | Found a glowing silver altar of Zin.
    72 | D        | Found a basalt altar of Yredelemnul.
    72 | D        | Found a shimmering altar of Xom.
    72 | D        | Found an ornate altar of the Wu Jian Council.
    72 | D        | Found a sacrificial altar of Ru.
    72 | D        | Found a stormy altar of Qazlal.
    72 | D        | Found an iron altar of Okawaru.
    72 | D        | Found a sparkling altar of Nemelex Xobeh.
    72 | D        | Found a burning altar of Makhleb.
    72 | D        | Found a blossoming altar of Fedhas.
    72 | D        | Found a white marble altar of Elyvilon.
    72 | D        | Found a shadowy altar of Dithmenos.
    72 | D        | Found a snail-covered altar of Cheibriados.
    74 | D        | Found a radiant altar of Vehumet.
    74 | D        | Found a corrupted altar of Lugonu.
    74 | D        | Found a roughly hewn altar of Beogh.
    75 | D        | Found a hide-covered altar of Uskayaw.
    75 | D        | Found an ancient bone altar of Kikubaaqudgha.
    75 | D        | Found a broken altar of Ashenzari.
    84 | D        | Became a worshipper of Fedhas Madash
   127 | D        | Reached * piety under Fedhas
   131 | D        | Slain by a wight

Illustrated notes

Levels and vault maps discovered:
D:        pitsprint [storerooms_1, entrance_room_1, metal_vault_4, armoury_2,
          mini_pit_1, grid_room_1, main_hall_1, silver_pit, the_coven_2,
          the_vestibule_1, steel_vault_3, golden_pit, hallway_of_sentries,
          crystal_vault_2, iron_vault_4, final_vault]

Skill      XL: |  1  2  3  4  5 |
---------------+----------------+-----
Axes           | 4 6 7 |  7.6
Fighting       | 4 6 7 |  7.5
Armour         | 4 6 |  6.8
Shields        | 4 6 |  6.8

Action                   |  1- 3 |  4- 6 || total
-------------------------+-------+-------++-------
Melee: War axe           |    18 |     9 ||    27
Armor: Scale mail        |    10 |     5 ||    15
Dodge: Dodged            |    12 |     5 ||    17
Block: Buckler           |     3 |     9 ||    12

Table legend: (Time is in decaauts)
 A = Elapsed time spent in this place.
 B = Non-inter-level travel time spent in this place.
 C = Inter-level travel time spent in this place.
 D = Time resting spent in this place.
 E = Time spent auto-exploring this place.
 F = Levels seen in this place.
 G = Mean time per level.
                   A        B        C        D        E       F      G
               +--------+--------+--------+--------+--------+-----+--------+
         Total |    138 |    138 |      0 |      0 |      0 |   1 |  138.0 |
       Dungeon |    138 |    138 |      0 |      0 |      0 |   1 |  138.0 |
               +--------+--------+--------+--------+--------+-----+--------+

Top non-repeatable levels by time:
       D: 138 daAuts
